 Dungeon Crawl Stone Soup version 0.29-a0-284-gf9362112df (webtiles) character file.

Game seed: 15722120166721076209

34 davidthevgamer991 the Covered (level 3, -1/33 HPs)
             Began as a Minotaur Fighter on Mar 30, 2022.
             Was an Initiate of Ashenzari.
             Slain by a hobgoblin (3 damage)
             ... on level 1 of the Dungeon.
             The game lasted 00:05:42 (928 turns).

davidthevgamer991 the Covered (Minotaur Fighter)     Turns: 928, Time: 00:05:43

Health: -1/33      AC:  3    Str: 22    XL:     3   Next: 14%
Magic:  2/2        EV: 10    Int:  5    God:    Ashenzari [......]
Gold:   47         SH:  4    Dex:  9    Spells: 2/2 levels left

rFire   . . .      SeeInvis .   a - +0 long sword
rCold   . . .      Faith    .   c - +0 buckler of Supernal Understanding {Comp, Elem} (curse)
rNeg    . . .      Spirit   .   e - +0 leather armour {rPois}
rPois   +          Reflect  .   (helmet restricted)
rElec   .          Harm     .   (no cloak)
rCorr   .          Rampage  .   (no gloves)
Will    .....                   (no boots)
Stlth   +.........              (no amulet)
HPRegen 0.11/turn               (no ring)
MPRegen 0.08/turn               (no ring)

@: mighty
A: horns 2, retaliatory headbutt
a: Renounce Religion, Shatter the Chains


You were on level 1 of the Dungeon.
You worshipped Ashenzari.
Ashenzari was noncommittal.
You visited 1 branch of the dungeon, and saw 1 of its levels.

You collected 47 gold pieces.

Inventory:

Hand Weapons
 a - a +0 long sword (weapon)
Armour
 b - a +0 scale mail
 c - the cursed +0 buckler of Supernal Understanding (worn) {Comp, Elem}

   It has a curse which improves the following skills: Companions: Summonings
   and Necromancy.
   Elements:  Fire Magic, Ice Magic, Air Magic and Earth Magic.
 e - a +0 leather armour of poison resistance (worn)
 i - a +0 chain mail
 j - a +0 pair of boots
Scrolls
 f - a scroll of identify {unknown}
 g - a scroll of silence {unknown}
Potions
 h - a potion of magic {unknown}


   Skills:
 + Level 3.9 Fighting
 + Level 2.9 Long Blades
 + Level 4.2 Armour
 + Level 0.7 Dodging
 + Level 4.0 Shields


You had 2 spell levels left.
You didn't know any spells.
Your spell library contained the following spells:

 Spells                   Type           Power      Damage    Failure   Level
 Ensorcelled Hibernation  Hex/Ice        0%         N/A       77%         2
 Static Discharge         Conj/Air       0%         N/A       77%         2
 Spider Form              Tmut/Pois      0%         N/A       94%         3
 Anguish                  Hex/Necr       0%         N/A       100%        4
 Lightning Bolt           Conj/Air       0%         1d11      100%        5
 Maxwell's Capacitive Co  Air            0%         ∞         100%        8


Dungeon Overview and Level Annotations

Branches:
Dungeon (1/15)

Altars:
Ashenzari


Innate Abilities, Weirdness & Mutations

You have a pair of horns on your head.
You reflexively headbutt those who attack you in melee.


Message History

The endoplasm hits you but does no damage.
You hit the jackal. You headbutt the jackal.
You kill the jackal!
The jackal bites you but does no damage.
The endoplasm hits you.
The jackal bites you but does no damage.
The jackal barely misses you. You furiously retaliate!
You headbutt the jackal!
You kill the jackal!
The endoplasm freezes you.
You are frozen.
The hobgoblin hits you but does no damage.
You hit the hobgoblin.
The hobgoblin is moderately wounded.
The hobgoblin hits you but does no damage.
The endoplasm hits you but does no damage.
The endoplasm freezes you.
You are frozen.
The hobgoblin hits you.
You closely miss the hobgoblin.
The hobgoblin is moderately wounded.
The hobgoblin hits you but does no damage.
The endoplasm hits you but does no damage.
You closely miss the hobgoblin.
The hobgoblin is moderately wounded.
You block the hobgoblin's attack. The endoplasm freezes you.
You are frozen.
* * * LOW HITPOINT WARNING * * *
You hit the endoplasm.
You kill the endoplasm!
The hobgoblin hits you but does no damage.
You closely miss the hobgoblin.
The hobgoblin is moderately wounded.
The hobgoblin hits you.
* * * LOW HITPOINT WARNING * * *
The hobgoblin hits you.
* * * LOW HITPOINT WARNING * * *
You closely miss the hobgoblin. Your headbutt misses the hobgoblin.
The hobgoblin is moderately wounded.
The hobgoblin hits you.
You die...

# ######.###
##########†........
#.......†..@g....#
#.########†####..#
#.# #.# #.# #.# #.#
#.# #.# #.#
######.# #.#
.....#.# #.#
####.#.#


You could see a hobgoblin.

Vanquished Creatures
  4 ball pythons (D:1)
  A bat (D:1)
  3 endoplasms (D:1)
  2 giant cockroaches (D:1)
  2 goblins (D:1)
  8 jackals (D:1)
  A quokka (D:1)
  3 frilled lizards (D:1)
  2 kobolds (D:1)
  3 rats (D:1)
29 creatures vanquished.

Notes
Turn   | Place    | Note
-------+----------+-------------------------------------------
     0 | D:1      | davidthevgamer991 the Minotaur Fighter began the quest for
                  | the Orb.
     0 | D:1      | Reached XP level 1. HP: 19/19 MP: 0/0
   431 | D:1      | Found a faded altar of an unknown god.
   436 | D:1      | Reached XP level 2. HP: 27/27 MP: 1/1
   497 | D:1      | Prayed at the altar of an unknown god.
   497 | D:1      | Became a worshipper of Ashenzari the Shackled
   920 | D:1      | Reached XP level 3. HP: 19/33 MP: 2/2
   928 | D:1      | Slain by a hobgoblin

Illustrated notes

Levels and vault maps discovered:
D:1:      lightli_arrival_statuegarden, layout_loops_ring,
          hellmonk_ecumenical_altar_run_dry

Skill      XL: |  1  2 |
---------------+-------+-----
Shields        | 4 |  4.0
Armour         | 4 |  4.2
Fighting       | |  3.9
Long Blades    | |  2.9
Dodging        | |  0.7

Action                   || total
-------------------------++-------
Melee: Long sword        ||    64
       Headbutt          ||    14
Invok: Curse Item        ||     1
  Use: Potion            ||     1
Armor: Scale mail        ||    18
       Leather armour    ||    26
Dodge: Dodged            ||    37
Block: Buckler           ||    20

Table legend: (Time is in decaauts)
 A = Elapsed time spent in this place.
 B = Non-inter-level travel time spent in this place.
 C = Inter-level travel time spent in this place.
 D = Time resting spent in this place.
 E = Time spent auto-exploring this place.
 F = Levels seen in this place.
 G = Mean time per level.
                   A        B        C        D        E       F      G
               +--------+--------+--------+--------+--------+-----+--------+
         Total |    948 |    948 |      0 |    317 |      0 |   1 |  948.0 |
       Dungeon |    948 |    948 |      0 |    317 |      0 |   1 |  948.0 |
               +--------+--------+--------+--------+--------+-----+--------+

Top non-repeatable levels by time:
     D:1: 948 daAuts
